 Dungeon Crawl Stone Soup version 0.28-a0-1241-gf280a0fbb2 (webtiles) character file.

Game seed: 4581460224427952299

93 ChaosChampion the Conjurer (level 4, -1/24 HPs)
             Began as a Deep Elf Conjurer on Dec 26, 2021.
             Slain by an ice beast (2 damage)
             ... on level 4 of the Dungeon.
             The game lasted 00:02:06 (1688 turns).

ChaosChampion the Conjurer (Deep Elf Conjurer)      Turns: 1688, Time: 00:02:06

Health: -1/24      AC:  2    Str:  4    XL:     4   Next: 37%
Magic:  0/13       EV: 12    Int: 25    God:
Gold:   85         SH:  0    Dex: 13    Spells: 2/13 levels left

rFire   . . .      SeeInvis .   (no weapon)
rCold   . . .      Faith    .   (no shield)
rNeg    . . .      Spirit   .   a - +0 robe
rPois   .          Reflect  .   (no helmet)
rElec   .          Harm     .   (no cloak)
rCorr   .          Rampage  .   (no gloves)
Will    .....      NoTele   +   (no boots)
Stlth   ++........              (no amulet)
HPRegen 0.08/turn               (no ring)
MPRegen 0.13/turn               (no ring)

@: immobile, very slightly contaminated
A: no striking features
a: no special abilities


You were on level 4 of the Dungeon.
You visited 1 branch of the dungeon, and saw 3 of its levels.

You collected 85 gold pieces.

Inventory:

Armour
 a - a +0 robe (worn)
Scrolls
 b - 4 scrolls of identify {unknown}
 c - a scroll of torment {unknown}
 f - a scroll of enchant weapon {unknown}
Potions
 d - a potion of attraction {unknown}
 e - 2 potions of magic {unknown}
 g - 2 potions of resistance


   Skills:
 - Level 2.4 Dodging
 - Level 2.4 Stealth
 + Level 5.0 Spellcasting
 + Level 5.5 Conjurations


You had 2 spell levels left.
You knew the following spells:

 Your Spells              Type           Power      Damage    Failure   Level
a - Magic Dart            Conj           100%       1d8       1%          1
b - Searing Ray           Conj           66%        2d6       1%          2
c - Fulminant Prism       Conj/Hex       10%        3d9       26%         4
d - Iskenderun's Mystic   Conj/Tloc      20%        2d6       26%         4

Your spell library contained the following spells:

 Spells                   Type           Power      Damage    Failure   Level
 Dazzling Flash           Conj/Hex       40%        N/A       8%          3


Dungeon Overview and Level Annotations

Branches:
Dungeon (4/15)
 Temple: D:4-7

Altars:

Annotations:
D:4 Grinder


Message History

* * * LOW HITPOINT WARNING * * *
The ice beast freezes you.
* * * LOW HITPOINT WARNING * * *
Grinder blinks!
Casting: Magic Dart (safe; 1% risk of failure)
Confirm with . or Enter, or press ? or * to list all spells.
The spell is potentially lethal to miscast (26% risk of failure)!
Continue anyway?
You erupt in a blast of force!
The mystic blast hits the ice beast.
The ice beast is lightly wounded.
The ice beast is knocked back by the mystic blast.
The mystic blast hits the ice beast.
The ice beast is lightly wounded.
The ice beast is knocked back by the mystic blast.
Okay, then.
Casting: Iskenderun's Mystic Blast (potentially lethal; 26% risk of failure)
Confirm with . or Enter, or press ? or * to list all spells.
The spell is potentially lethal to miscast (26% risk of failure)!
Continue anyway?
You miscast Iskenderun's Mystic Blast.
You are very lightly contaminated with residual magic.
Nothing appears to happen.
The ice beast barely misses you.
Found an escape hatch in the floor.
The ice beast hits you but does no damage.
Casting: Iskenderun's Mystic Blast (potentially lethal; 26% risk of failure)
Confirm with . or Enter, or press ? or * to list all spells.
The spell is potentially lethal to miscast (26% risk of failure)!
Continue anyway?
You miscast Iskenderun's Mystic Blast.
The world appears momentarily distorted.
You are magically locked in place.
The ice beast misses you.
You cannot move.
You cannot move.
Okay, then.
Unknown command.
Casting: Iskenderun's Mystic Blast (potentially lethal; 26% risk of failure)
Confirm with . or Enter, or press ? or * to list all spells.
Aiming: Magic Dart (safe; 1% risk of failure)
Press: ? - help, Shift-Dir - straight line, f - ice beast
Aim: an ice beast (100% to hit)
The magic dart hits the ice beast but does no damage.
The ice beast hits you.
You die...

# #### #. ....
#.######### ####
#...#.....########
#######@#°..°.#○°○.○.###
#.....YY#.....#..○☼°.#..
##.###..#$$...'.#.#○○#..
#..©#©?..○'...©☼○#©.
#...#[$...'.#.#°.#..
#....#.....#.°.○☼☼###
#.##5#○..○.#°○○°○○# # #.
#.#.....######## # #>
#.####### #


You could see Grinder and 2 ice beasts.

Vanquished Creatures
  Robin (D:2)
  2 gnolls (D:2)
  2 adders (D:2)
  An orc (D:2)
  A bat (D:1)
  4 endoplasms
  3 giant cockroaches
  4 hobgoblins
  7 jackals (D:2)
  A quokka (D:1)
  A ball python (D:2)
  2 frilled lizards
  10 goblins
39 creatures vanquished.

Notes
Turn   | Place    | Note
-------+----------+-------------------------------------------
     0 | D:1      | ChaosChampion the Deep Elf Conjurer began the quest for the
                  | Orb.
     0 | D:1      | Reached XP level 1. HP: 10/10 MP: 6/6
    98 | D:1      | Found a faded altar of an unknown god.
   449 | D:1      | Reached XP level 2. HP: 15/15 MP: 5/8
   452 | D:1      | Learned a level 2 spell: Searing Ray
   813 | D:2      | Identified the +2 helmet of Springtime {Fly}
   813 | D:2      | Noticed Robin
   821 | D:2      | Killed Robin
   822 | D:2      | Reached skill level 5 in Conjurations
   822 | D:2      | Reached XP level 3. HP: 18/19 MP: 1/10
  1526 | D:2      | Reached XP level 4. HP: 24/24 MP: 3/12
  1597 | D:2      | Learned a level 4 spell: Fulminant Prism
  1602 | D:2      | Learned a level 4 spell: Iskenderun's Mystic Blast
  1603 | D:2      | Reached skill level 5 in Spellcasting
  1654 | D:2      | You fall into a shaft and drop 2 floors!
  1661 | D:4      | Found a transporter.
  1674 | D:4      | Found a transporter.
  1674 | D:4      | Noticed an ice beast
  1675 | D:4      | Noticed an ice beast
  1679 | D:4      | Noticed Grinder
  1681 | D:4      | HP: 1/24 [ice beast (6)]
  1688 | D:4      | Slain by an ice beast

Illustrated notes

Levels and vault maps discovered:
D:1:      mrwooster_arrival_statue_2, layout_basic,
          chequers_ecumenical_altar_simple
D:2:      kennysheep_the_goblin_king, layout_loops_ring,
          roderic_serpentine_path, kennysheep_minor_cross, minmay_crystal_room,
          uniq_robin
D:4:      gammafunk_cloud_chamber, layout_basic, overflow_temple_1_default,
          minivault_4, uniq_edmund, uniq_grinder, uniq_menkaure

Skill      XL: |  1  2  3  4 |
---------------+-------------+-----
Spellcasting   | 4 5 |  5.0
Conjurations   | 5 |  5.5
Dodging        | |  2.4
Stealth        | |  2.4

Action                   |  1- 3 |  4- 6 || total
-------------------------+-------+-------++-------
Melee: Unarmed           |     1 |       ||     1
 Cast: Magic Dart        |    63 |     5 ||    68
       Searing Ray       |     6 |       ||     6
       Iskenderun's Myst |       |     1 ||     1
Armor: Robe              |     5 |     1 ||     6
Dodge: Dodged            |     9 |     7 ||    16

Table legend: (Time is in decaauts)
 A = Elapsed time spent in this place.
 B = Non-inter-level travel time spent in this place.
 C = Inter-level travel time spent in this place.
 D = Time resting spent in this place.
 E = Time spent auto-exploring this place.
 F = Levels seen in this place.
 G = Mean time per level.
                   A        B        C        D        E       F      G
               +--------+--------+--------+--------+--------+-----+--------+
         Total |   1688 |   1649 |     39 |    424 |    967 |   3 |  562.7 |
       Dungeon |   1688 |   1649 |     39 |    424 |    967 |   3 |  562.7 |
               +--------+--------+--------+--------+--------+-----+--------+

Top non-repeatable levels by time:
     D:1: 928 daAuts
     D:2: 726 daAuts
     D:4: 33 daAuts
